 Dungeon Crawl Stone Soup version 0.18.1-47-g9310371 (webtiles) character file.

45 MistressOfTheDunes the Insei (level 3, -3/29 HPs)
             Began as a Mummy Monk on June 22, 2016.
             Slain by a worm (11 damage)
             ... on level 2 of the Dungeon.
             The game lasted 00:02:02 (1819 turns).

MistressOfTheDunes the Insei (Mummy Monk)           Turns: 1819, Time: 00:02:02

Health: -3/29      AC:  0    Str: 14    XL:     3   Next: 42%
Magic:  3/3        EV: 13    Int:  9    God:
Gold:   55         SH:  0    Dex: 15    Spells: 0 memorised, 2 levels left

rFire  x . .     SeeInvis .       - Unarmed
rCold  + . .     Gourm    .     (no armour)
rNeg   + + +     Faith    .     (no shield)
rPois  ∞         Spirit   .     (no helmet)
rElec  .         Dismiss  .     (no cloak)
rCorr  .         Reflect  .     (no gloves)
SustAt .         Harm     .     (no boots)
MR     .....                    (no amulet)
Stlth  ++........               (no ring)
                                (no ring)

@: not resistant to hostile enchantments, unstealthy
A: no food or potions, fire vulnerability, cold resistance 1, negative energy
resistance 3, torment resistance, unbreathing
a: no special abilities


You were on level 2 of the Dungeon.
You were not hungry.

You visited 1 branch of the dungeon, and saw 2 of its levels.

You collected 55 gold pieces.


Innate Abilities, Weirdness & Mutations

You do not eat or drink.
Your flesh is vulnerable to fire.
You are immune to poison.
Your flesh is cold resistant.
You are immune to negative energy.
You are immune to unholy pain and torment.
You can survive without breathing.


   Skills:
 - Level 3.0 Fighting
 - Level 2.4 Dodging
 - Level 1.5 Stealth
 + Level 4.3 Unarmed Combat


You had 2 spell levels left.
You didn't know any spells.

Inventory:

Scrolls
 a - 2 scrolls of enchant armour {unknown}
 b - 3 scrolls of enchant weapon {unknown}
 c - a scroll of fog {unknown}
 d - a scroll of identify {unknown}
 e - a scroll of teleportation {unknown}
 g - 2 scrolls of remove curse {unknown}
Comestibles
 f - a royal jelly

Dungeon Overview and Level Annotations

Branches:
Dungeon (2/15)

Altars:

.<..(..............▒.▒
...▒▒▒▒▒▒.)..........▒
........▒..........▒▒▒▒
..▒▒▒▒▒................
....................▒▒
▒.▒....▒..........▒.▒▒
▒...▒▒▒▒▒............▒
...▒▒ ▒........<.▒..▒
..▒▒ ▒.......M..▒ ..▒
▒.......w..▒ ..▒
▒..........▒ ..▒
▒▒.......▒▒▒ ▒▒▒
▒▒......▒ ▒▒▒▒▒▒▒▒


You could see a worm.


Message History

You are too injured to fight recklessly!!!
You are too injured to fight recklessly!!!
You are too injured to fight recklessly!!!
You are too injured to fight recklessly!!!
You are too injured to fight recklessly!!!
You are too injured to fight recklessly!!!
You are too injured to fight recklessly!!!
You are too injured to fight recklessly!!!
You are too injured to fight recklessly!!!
You are too injured to fight recklessly!!!
You are too injured to fight recklessly!!!
You are too injured to fight recklessly!!!
You are too injured to fight recklessly!!!
You are too injured to fight recklessly!!!
You are too injured to fight recklessly!!!
You pulverise the worm!
The worm is heavily wounded!
You squash the worm but do no damage!
The worm is heavily wounded!
The worm bites you! * * * don't die
* * * You barely miss the worm!
The worm is heavily wounded!
You pulverise the worm!
The worm is heavily wounded!
The worm closely misses you!
You barely miss the worm!
The worm is heavily wounded!
The worm bites you!!! rip

Action                   || total
-------------------------++-------
Melee: Unarmed           ||   136
       Punch             ||     3
 Stab: Sleeping          ||     3
Dodge: Dodged            ||   105

Vault maps used:
D:1:      shiori_shiawase
D:2:      nicolae_dithmenos_shadow_blocks, lemuel_zombie_altar_kikubaaqudgha,
          interstate_on_off

Notes
Turn   | Place    | Note
--------------------------------------------------------------
     0 | D:1      | MistressOfTheDunes the Mummy Monk began the quest for the Orb.
     0 | D:1      | Reached XP level 1. HP: 18/18 MP: 1/1
   238 | D:1      | Reached XP level 2. HP: 14/24 MP: 2/2
   893 | D:1      | Reached skill level 4 in Unarmed Combat
  1181 | D:1      | Reached XP level 3. HP: 26/29 MP: 3/3
  1819 | D:2      | Slain by a worm

Vanquished Creatures
  An adder (D:2)
  A dart slug (D:1)
  3 giant cockroaches (D:1)
  4 goblins (D:1)
  4 hobgoblins
  2 ball pythons (D:1)
  8 bats
  3 giant newts (D:1)
  5 kobolds
  3 rats
34 creatures vanquished.
